 Dungeon Crawl Stone Soup version 0.30-a0-726-gd89dcf765f (webtiles) character file.

Game seed: 1392775367446713785

1123 octoduck the Nimble (level 8, -4/41 HPs)
             Began as a Deep Elf Fire Elementalist on Jan 30, 2023.
             Slain by an ice beast (11 damage)
             ... on level 7 of the Dungeon.
             The game lasted 00:22:36 (7076 turns).

octoduck the Nimble (Deep Elf Fire Elementalist)    Turns: 7076, Time: 00:22:37

Health: -4/41      AC:  4    Str:  7    XL:     8   Next: 13%
Magic:  7/14       EV: 16    Int: 21    God:
Gold:   172        SH:  0    Dex: 15    Spells: 7/13 levels left

rFire   . . .      SeeInvis .    k - +0 mace (protect)
rCold   . . .      Faith    .    (no shield)
rNeg    . . .      Spirit   .    a - +0 robe
rPois   .          Reflect  .    (no helmet)
rElec   .          Harm     .    i - +1 cloak
rCorr   .          Rampage  .    (no gloves)
Will    .....                    (no boots)
Stlth   ++                       (no amulet)
HPRegen 0.26/turn                (no ring)
MPRegen 0.14/turn                (no ring)

@: no status effects
A: no striking features
a: no special abilities


You were on level 7 of the Dungeon.
You visited 1 branch of the dungeon, and saw 7 of its levels.

You collected 224 gold pieces.
You spent 52 gold pieces at shops.

Inventory:

Hand Weapons
 j - a +1 dagger of venom
 k - a +0 mace of protection (weapon)
Armour
 a - a +0 robe (worn)
 d - a +0 leather armour
 i - a +1 cloak (worn)
Jewellery
 f - a ring of fire
Wands
 r - a wand of flame (18)
Scrolls
 b - a scroll of butterflies
 c - 4 scrolls of identify
 l - 2 scrolls of teleportation
 o - a scroll of poison
 p - a scroll of enchant weapon
 q - a scroll of blinking
Potions
 e - a potion of might
 g - a potion of resistance
 h - 2 potions of haste
 m - 4 potions of attraction
 n - 2 potions of brilliance
 s - a potion of degeneration {unknown}


   Skills:
 * Level 8.1 Dodging
 - Level 2.4 Stealth
 - Level 3.0 Spellcasting
 + Level 3.2 Conjurations
 - Level 4.8 Hexes
 + Level 6.5 Fire Magic


You had 7 spell levels left.
You knew the following spells:

 Your Spells              Type           Power      Damage    Failure   Level
a - Foxfire               Conj/Fire      92%        2x1d8     1%          1
b - Scorch                Fire           60%        2d8       1%          2
c - Inner Flame           Hex/Fire       27%        N/A       3%          3

Your spell library contained the following spells:

 Spells                   Type           Power      Damage    Failure   Level
 Ignite Poison            Fire/Tmut/Pois 12%        N/A       16%         3
 Kindle Blastsparks       Fire/Tloc/Air  24%        2d12      16%         3
 Flame Wave               Conj/Fire      23%        2d8       19%         4
 Sticky Flame             Conj/Fire      23%        2d4       19%         4
 Freezing Cloud           Conj/Ice/Air   3%         6-21      94%         5
 Simulacrum               Ice/Necr       1%         N/A       100%        6
 Ignition                 Fire           15%        3d6       100%        8
 Polar Vortex             Ice            1%         N/A       100%        9


Dungeon Overview and Level Annotations

Branches:
Dungeon (7/15)             Temple (0/1) D:7

Altars:
Xom

Shops:
D:3 (   D:6 ?

Annotations:
D:5 1 exclusion, Dowan, Duvessa
D:6 Eustachio
D:7 Maggie


Message History

You conjure some foxfire!
Casting: Foxfire (safe; 1% risk of failure)
Confirm with . or Enter, or press ? or * to list all spells.
You can't see any susceptible monsters within range! (Use Z to cast anyway.)
Your surroundings suddenly seem different.
You break out of your daze!
An ice beast comes into view.
Found a staircase to the Ecumenical Temple.
An ogre comes into view. It is wielding a +0 giant club.
Casting: Foxfire (safe; 1% risk of failure)
Confirm with . or Enter, or press ? or * to list all spells.
You conjure some foxfire!
The foxfire hits the ice beast.
The ice beast melts!
The ice beast is moderately wounded.
The foxfire hits the ice beast but does no damage.
The ice beast is moderately wounded.
Casting: Foxfire (safe; 1% risk of failure)
Confirm with . or Enter, or press ? or * to list all spells.
Flames lash the ice beast.
The ice beast melts!
The ice beast is severely wounded.
The ice beast's fire resistance burns away.
You hear a shout! x4
The ice beast hits you but does no damage.
The ice beast attacks as you move away! The ice beast barely misses you.
Casting: Scorch (safe; 1% risk of failure)
Confirm with . or Enter, or press ? or * to list all spells.
Flames lash the ice beast.
The ice beast melts!
The ice beast is almost dead.
The ice beast hits you. The ice beast freezes you! The ice beast hits you.
The ice beast freezes you!
* * * LOW HITPOINT WARNING * * *
Casting: Scorch (safe; 1% risk of failure)
Confirm with . or Enter, or press ? or * to list all spells.
Flames lash the ice beast.
The ice beast is almost dead.
The ice beast misses you. The ice beast hits you.
* * * LOW HITPOINT WARNING * * *
The ice beast freezes you!
You die...

###. #...###.. .....
..O....... . .....
#####..⌠..>..⌠o....
......#............
o.#
......#.##..###...#
#.#
..............#.⌠.# ..
.....##.##....#...#...
#### #.###...........
#.@Y####.......#
#..............#
#...############ #####


You could see an ice beast (combustible).

Vanquished Creatures
  An ogre (D:4)
  A kobold brigand (D:7)
  Blork the orc (D:5)
  3 phantoms
  A necrophage (D:7)
  3 scorpions
  2 hounds (D:7)
  A jelly (D:5)
  2 iguanas (D:5)
  4 orc wizards (D:5)
  5 adders
  An ufetubus (D:5)
  4 worms
  6 dart slugs
  16 orcs
  8 ball pythons
  6 endoplasms
  3 giant cockroaches
  9 goblins
  7 hobgoblins
  6 jackals (D:3)
  5 quokkas
  A bat (D:1)
  A frilled lizard (D:1)
  13 kobolds
  5 rats
115 creatures vanquished.

Vanquished Creatures (others)
  300 foxfires
300 creatures vanquished.

Grand Total: 415 creatures vanquished

Notes
Turn   | Place    | Note
-------+----------+-------------------------------------------
     0 | D:1      | octoduck the Deep Elf Fire Elementalist began the quest for
                  | the Orb.
     0 | D:1      | Reached XP level 1. HP: 10/10 MP: 6/6
    97 | D:1      | Reached XP level 2. HP: 15/15 MP: 4/8
   908 | D:2      | Reached XP level 3. HP: 19/19 MP: 7/9
  1045 | D:2      | Reached skill level 3 in Dodging
  1959 | D:3      | Reached XP level 4. HP: 24/24 MP: 0/10
  1960 | D:3      | Found a shimmering altar of Xom.
  2258 | D:3      | Found Ekolott's Antique Weapon Shoppe.
  2324 | D:2      | Learned a level 2 spell: Scorch
  2958 | D:3      | Learned a level 3 spell: Inner Flame
  3211 | D:4      | Noticed an ogre
  3281 | D:4      | Reached skill level 4 in Dodging
  3695 | D:4      | Noticed a scorpion
  3712 | D:4      | Killed a scorpion
  3713 | D:4      | Reached skill level 1 in Hexes
  3713 | D:4      | Reached XP level 5. HP: 28/28 MP: 6/11
  3909 | D:4      | Noticed a phantom
  3933 | D:4      | Killed a phantom
  3934 | D:4      | Reached skill level 5 in Dodging
  3934 | D:4      | Reached skill level 5 in Fire Magic
  4244 | D:4      | Reached XP level 6. HP: 32/32 MP: 4/12
  4619 | D:5      | Entered Level 5 of the Dungeon
  4739 | D:5      | Reached skill level 6 in Dodging
  4781 | D:5      | Noticed Duvessa
  4782 | D:5      | Noticed Dowan
  4895 | D:5      | Reached XP level 7. HP: 30/36 MP: 7/13
  5089 | D:5      | Noticed Blork the orc
  5098 | D:5      | Killed Blork the orc
  5259 | D:5      | Reached skill level 7 in Dodging
  6672 | D:6      | Found Cozomu Gaopn's Magic Scroll Emporium.
  6675 | D:6      | Bought a scroll of butterflies for 52 gold pieces
  6693 | D:6      | Noticed Eustachio
  6866 | D:7      | Reached XP level 8. HP: 39/41 MP: 9/14
  6938 | D:7      | Reached skill level 8 in Dodging
  7043 | D:7      | Noticed Maggie
  7061 | D:7      | Found a staircase to the Ecumenical Temple.
  7076 | D:7      | Slain by an ice beast

Illustrated notes

Levels and vault maps discovered:
D:1:      dpeg_arrival_pond, layout_basic, chequers_serial_rivers_small_3
D:2:      layout_basic, hangedman_decor_growths
D:3:      layout_basic, lemuel_tele_altar, serial_shops,
          nicolae_shop_hallway_stairs
D:4:      layout_loops_cross
D:5:      cheibrodos_quashed, layout_layer_cave, mainiacjoe_overflow_catwalk,
          minmay_misc_feat_alley, uniq_duvessa, uniq_blork_the_orc
D:6:      minmay_opposing_rooms, layout_cave_pools,
          eat_drink_and_be_merry_uskayaw, serial_shops, nicolae_stop_n_shop_2,
          serial_park, serial_park_square3 [serial_park_minivault_5x5_7],
          serial_park_tiny_2, serial_park_square3 [serial_park_minivault_5x5_5],
          serial_park_square1 [serial_park_minivault_5x5_3],
          serial_park_tiny_pond, chequers_serial_rivers_small_3, uniq_eustachio,
          uniq_crazy_yiuf_cottage
D:7:      layout_basic, minmay_temple_entry_junction_2, uniq_maggie

Skill      XL: |  1  2  3  4  5  6  7  8 |
---------------+-------------------------+-----
Conjurations   | 2 3 |  3.2
Fire Magic     | 4 5 6 |  6.5
Dodging        | 3 4 5 6 7 8 |  8.1
Hexes          | 1 2 3 4 |  4.8
Stealth        | |  2.4
Spellcasting   | |  3.0

Action                     |  1- 3 |  4- 6 |  7- 9 || total
---------------------------+-------+-------+-------++-------
  Melee: Mace              |       |    14 |     1 ||    15
   Cast: Foxfire           |    74 |    75 |    29 ||   178
         Scorch            |       |    24 |    22 ||    46
         Inner Flame       |       |       |    10 ||    10
    Use: Scroll            |     4 |     7 |     2 ||    13
         Potion            |       |     1 |     1 ||     2
 Armour: Robe              |     3 |    15 |     5 ||    23
  Dodge: Dodged            |     8 |    42 |    23 ||    73

Table legend: (Time is in decaauts)
 A = Elapsed time spent in this place.
 B = Non-inter-level travel time spent in this place.
 C = Inter-level travel time spent in this place.
 D = Time resting spent in this place.
 E = Time spent auto-exploring this place.
 F = Levels seen in this place.
 G = Mean time per level.
                   A        B        C        D        E       F      G
               +--------+--------+--------+--------+--------+-----+--------+
         Total |   7085 |   6346 |    739 |   1842 |   3061 |   7 | 1012.1 |
       Dungeon |   7085 |   6346 |    739 |   1842 |   3061 |   7 | 1012.1 |
               +--------+--------+--------+--------+--------+-----+--------+

Top non-repeatable levels by time:
     D:5: 1967 daAuts
     D:2: 1319 daAuts
     D:4: 1299 daAuts
     D:3: 1200 daAuts
     D:1: 893 daAuts
     D:7: 377 daAuts
     D:6: 26 daAuts
